 Dungeon Sprint DCSS version 0.18.1-50-g88ac8fd (webtiles) character file.

1559 Inkary the Carver (level 8, 0/129 HPs)
             Began as a Minotaur Berserker on Sept 22, 2016.
             Was an Elder of Trog.
             Slain by a polar bear (1 damage)
             ... in the Dungeon (Sprint II: "The Violet Keep of Menkaure").
             The game lasted 00:04:22 (605 turns).

Inkary the Carver (Minotaur Berserker)               Turns: 605, Time: 00:04:22

Health: 0/129      AC: 11    Str: 30    XL:     8   Next: 58%
Magic:  7/7        EV: 11    Int:  4    God:    Trog [****..]
Gold:   490        SH:  0    Dex:  6    Spells: 0 memorised, 7 levels left

rFire  + . .     SeeInvis +     a - +0 falchion
rCold  . . .     Gourm    .     m - +1 chain mail "Qobiw" {rF+ SInv}
rNeg   . . .     Faith    .     (no shield)
rPois  .         Spirit   .     (helmet restricted)
rElec  .         Dismiss  .     (no cloak)
rCorr  .         Reflect  .     l - +1 pair of gloves {Str+3}
SustAt .         Harm     .     (no boots)
MR     ++...     NoTele   +     (no amulet)
Stlth  ..........               (no ring)
                                (no ring)

@: berserking (expiring), regenerating, slowed, very resistant to hostile
enchantments, extremely unstealthy
A: retaliatory headbutt, horns 2, clumsy 2, deformed body, weak 1
a: Berserk, Trog's Hand, Brothers in Arms, Burn Spellbooks, Renounce Religion


You were in the Dungeon.
You worshipped Trog.
Trog was greatly pleased with you.
You were very hungry.

You visited 1 branch You collected 972 gold pieces.
You spent 482 gold pieces at shops.

Inventory:

Hand Weapons
 a - a +0 falchion (weapon)
Armour
 b - a +0 animal skin
 l - a +1 pair of gloves of strength (worn)
 m - the +1 chain mail "Qobiw" (worn) {rF+ SInv}
   (You bought it in a shop in the Dungeon)

   It protects you from fire.
   It lets you see invisible.
Scrolls
 i - a scroll of blinking
Potions
 d - a potion of curing
 e - 2 potions of heal wounds
 f - a potion of haste
 g - 2 potions of magic
 h - a potion of berserk rage
 k - a potion of might
Comestibles
 c - a bread ration


   Skills:
 + Level 13.0 Fighting
 + Level 13.1 Long Blades
 + Level 9.9 Armour
 + Level 9.7 Dodging


You had 7 spell levels left.
You didn't know any spells.

Dungeon Overview and Level Annotations

Branches:
Dungeon (1/1)

Altars:
Cheibriados
Dithmenos
Fedhas
Gozag
Kikubaaqudgha
Makhleb
Okawaru
Pakellas
Qazlal
Ru
Sif Muna
Trog
Vehumet
Xom
Yredelemnul
Zin
The Shining One
Beogh
Jiyva
Lugonu

Shops:
D :?[==[%%=(!=!}=:

Annotations:
D exclusion: oklob plant, Roxanne


Innate Abilities, Weirdness & Mutations

You reflexively headbutt those who attack you in melee.
You have a pair of horns on your head.
You are very clumsy. (Dex -4)
Armour fits poorly on your strangely shaped body.
You are weak. (Str -2)


Message History

You barely miss the wasp.
The wasp is moderately wounded.
The wasp stings you but does no damage.
The yaktaur hits you but does no damage.
You closely miss the wasp. You headbutt the wasp.
The wasp is moderately wounded.
The polar bear bites you!
* * * LOW HITPOINT WARNING * * *
The polar bear misses you.
The polar bear claws you but does no damage.
The wasp barely misses you.
You hit the wasp.
The wasp is heavily wounded.
The yaktaur hits you.
* * * LOW HITPOINT WARNING * * *
The wasp closely misses you. You furiously retaliate!
You headbutt the wasp. The polar bear closely misses you.
You furiously retaliate!
You headbutt the polar bear!! The polar bear completely misses you.
The polar bear claws you.
You die...

#.##.#### +.### ##..#
...# ...# #..### ..##
#..# # #+###.##..# +..#
.# #.###..#..# #..# .# !
.<.'##.'..####..##.# $!%
#.##.#.#....###...##▓▓▓▓
#'###.##....§.≈cyh≈≈≈≈≈≈
.#.####≈§.§...≈#@#######
.#..#≈≈≈≈§§≈§.≈#.._._...
.#.##≈≈§≈§≈§§§≈#._._._..
#+##≈≈≈≈≈≈§§§§§#.._._._.
≈≈≈≈≈≈§≈≈§§§§§§#._._._._
+#+++#≈§§≈§§§§≈#.._._._.
§§§ ##≈§§###§§#..._._._
§§≈ #≈§#...._._. §§§≈


You could see a polar bear, a yaktaur and a wasp.

Vanquished Creatures
  A siren (D)
  2 polar bears (D)
  A boulder beetle (D)
  4 neqoxecs (D)
  Menkaure (D)
  A crocodile (D)
  2 worms (D)
12 creatures vanquished.

Vanquished Creatures (others)
  A boulder beetle (D)
  A crocodile (D)
2 creatures vanquished.

Grand Total: 14 creatures vanquished

Notes
Turn   | Place    | Note
--------------------------------------------------------------
     0 | D        | Inkary the Minotaur Berserker began the quest for the Orb.
     0 | D        | Reached XP level 1. HP: 19/19 MP: 0/0
    12 | D        | Reached ** piety under Trog
    23 | D        | Noticed Roxanne
    24 | D        | Noticed a crocodile
    30 | D        | Noticed a siren
    37 | D        | Killed a crocodile
    51 | D        | Killed a siren
    51 | D        | Reached skill level 10 in Fighting
    51 | D        | Reached skill level 10 in Long Blades
    51 | D        | Reached skill level 5 in Dodging
    51 | D        | Reached XP level 2. HP: 16/38 MP: 1/1
    51 | D        | Reached XP level 3. HP: 19/45 MP: 2/2
    51 | D        | Reached XP level 4. HP: 22/51 MP: 3/3
    51 | D        | Reached XP level 5. HP: 25/58 MP: 4/4
    51 | D        | Reached XP level 6. HP: 29/66 MP: 5/5
   108 | D        | Noticed Menkaure
   111 | D        | Killed Menkaure
   111 | D        | Reached skill level 5 in Armour
   118 | D        | Found Ygrisom's Book Shop.
   118 | D        | Found Ockuot's Distillery.
   118 | D        | Found Harev's Jewellery Shop.
   118 | D        | Found Daj Xevi's Jewellery Boutique.
   118 | D        | Found Laenuup's Food Shop.
   118 | D        | Found Inuenlie's Distillery.
   118 | D        | Found Kitwoipy's Food Boutique.
   119 | D        | Found Etwa's Antique Armour Boutique.
   119 | D        | Found Toevvyp's Jewellery Shop.
   119 | D        | Found Pesoraah's Jewellery Boutique.
   119 | D        | Found Cisuixt's Gadget Shop.
   120 | D        | Found Itwerini's Antique Armour Shop.
   120 | D        | Found Mir Exuesh's Magic Scroll Boutique.
   121 | D        | Found Gewerch's Jewellery Boutique.
   121 | D        | Found Ara Uqel's Antique Weapon Shop.
   121 | D        | Noticed a yak
   122 | D        | Noticed a yak
   122 | D        | Noticed a yak
   122 | D        | Noticed an oklob plant
   123 | D        | Found Qaur's Book Shoppe.
   123 | D        | Noticed a wyvern
   124 | D        | Noticed a wyvern
   181 | D        | Bought a potion of might for 40 gold pieces
   181 | D        | Bought a potion of heal wounds for 50 gold pieces
   185 | D        | Bought a pair of runed gloves for 126 gold pieces
   194 | D        | Bought a pitted chain mail for 266 gold pieces
   204 | D        | Identified the +1 chain mail "Qobiw" {rF+ SInv} (You bought it in a shop in the Dungeon)
   265 | D        | Noticed a boulder beetle
   266 | D        | Noticed a boulder beetle
   279 | D        | Killed a boulder beetle
   295 | D        | Killed a boulder beetle
   295 | D        | Reached *** piety under Trog
   295 | D        | Reached XP level 7. HP: 23/74 MP: 6/6
   537 | D        | Noticed a neqoxec
   544 | D        | Killed a neqoxec
   546 | D        | Noticed a neqoxec
   547 | D        | Noticed a neqoxec
   547 | D        | Noticed a neqoxec
   551 | D        | Gained mutation: You are clumsy. (Dex -2) [a neqoxec]
   557 | D        | Gained mutation: You are weak. (Str -2) [a neqoxec]
   558 | D        | Killed a neqoxec
   561 | D        | Gained mutation: Armour fits poorly on your strangely shaped body. [a neqoxec]
   564 | D        | Killed a neqoxec
   564 | D        | Reached XP level 8. HP: 77/83 MP: 7/7
   568 | D        | Gained mutation: You are very clumsy. (Dex -4) [a neqoxec]
   570 | D        | Reached **** piety under Trog
   579 | D        | Found a burning altar of Makhleb.
   579 | D        | Found a bloodstained altar of Trog.
   580 | D        | Found a glowing golden altar of the Shining One.
   580 | D        | Found an iron altar of Okawaru.
   580 | D        | Found a deep blue altar of Sif Muna.
   581 | D        | Found a blossoming altar of Fedhas.
   581 | D        | Found a snail-covered altar of Cheibriados.
   581 | D        | Found a shadowy altar of Dithmenos.
   582 | D        | Found an opulent altar of Gozag.
   582 | D        | Found a shimmering altar of Xom.
   582 | D        | Found a radiant altar of Vehumet.
   583 | D        | Found a glowing silver altar of Zin.
   583 | D        | Found an oddly glowing altar of Pakellas.
   583 | D        | Found a sacrificial altar of Ru.
   584 | D        | Found a viscous altar of Jiyva.
   584 | D        | Found a basalt altar of Yredelemnul.
   585 | D        | Found an ancient bone altar of Kikubaaqudgha.
   585 | D        | Found a stormy altar of Qazlal.
   585 | D        | Noticed a polar bear
   586 | D        | Noticed a polar bear
   586 | D        | Noticed a polar bear
   587 | D        | Found a roughly hewn altar of Beogh.
   587 | D        | Found a corrupted altar of Lugonu.
   590 | D        | Noticed a yaktaur
   595 | D        | Killed a polar bear
   599 | D        | Killed a polar bear
   604 | D        | HP: 5/129 [polar bear (12)]
   605 | D        | HP: 1/129 [yaktaur (5)]
   605 | D        | Slain by a polar bear

Skill      XL: |  1  2  3  4  5  6  7  8 |
---------------+-------------------------+-----
Fighting       | 10 11 12 13 | 13.0
Long Blades    | 10 11 12 13 | 13.1
Armour         | 4 7 8 9 |  9.9
Dodging        | 5 7 8 9 |  9.7

Action                   |  1- 3 |  4- 6 |  7- 9 || total
-------------------------+-------+-------+-------++-------
Melee: Falchion          |    26 |    36 |    45 ||   107
       Headbutt          |     8 |    12 |    12 ||    32
Invok: Trog's Hand       |     1 |     2 |     3 ||     6
       Berserk           |       |     1 |     1 ||     2
Armor: Animal skin       |     1 |     1 |       ||     2
       Chain mail        |       |       |    21 ||    21
Dodge: Dodged            |     3 |     9 |    30 ||    42
